 Dungeon Crawl Stone Soup version 0.20-a0-303-g575bbf7 (webtiles) character file.

30 Havercy the Poker (level 3, 10/28 HPs)
             Began as a Demonspawn Gladiator on Dec 16, 2016.
             Quit the game on level 2 of the Dungeon.
             The game lasted 00:00:49 (910 turns).

Havercy the Poker (Demonspawn Gladiator)             Turns: 910, Time: 00:00:50

Health: 10/28      AC:  9    Str: 16    XL:     3   Next: 3%
Magic:  3/3        EV: 10    Int:  9    God:
Gold:   22         SH:  0    Dex: 13    Spells: 2/2 levels left

rFire  . . .     SeeInvis .     a - +0 trident
rCold  . . .     Gourm    .     e - +0 scale mail
rNeg   . . .     Faith    .     (no shield)
rPois  .         Spirit   .     r - +0 helmet
rElec  .         Reflect  .     o - +0 cloak
rCorr  .         Harm     .     (no gloves)
MR     .....                    (no boots)
Stlth  ..........               (no amulet)
                                (no ring)
                                (no ring)

@: no status effects
A: hooves 1, rugged brown scales 1
a: no special abilities


You were on level 2 of the Dungeon.
You were not hungry.

You visited 1 branch of the dungeon, and saw 2 of its levels.

You collected 22 gold pieces.

Inventory:

Hand Weapons
 a - a +0 trident (weapon)
Missiles
 d - 3 throwing nets (quivered)
Armour
 b - a +0 leather armour
 c - a +0 helmet
 e - a +0 scale mail (worn)
 k - a +0 buckler
 o - a +0 cloak (worn)
 r - a +0 helmet (worn)
Jewellery
 g - a +3 amulet of reflection {unknown}
Scrolls
 m - a scroll of remove curse {unknown}
 p - a scroll of fog {unknown}
 q - a scroll of amnesia {unknown}
 s - a scroll of identify {unknown}
Potions
 h - a potion of cure mutation
 i - a potion of flight {unknown}
 n - a potion of degeneration {unknown}
Comestibles
 f - 2 bread rations
 j - 2 meat rations
 l - a beef jerky
 t - a royal jelly


   Skills:
 + Level 2.3 Fighting
 + Level 3.3 Polearms
 + Level 1.8 Throwing
 + Level 0.3 Armour
 + Level 2.8 Dodging


You had 2 spell levels left.
You didn't know any spells.

Dungeon Overview and Level Annotations

Branches:
Dungeon (2/15)

Altars:
Makhleb


Innate Abilities, Weirdness & Mutations

You have large cloven feet.
You are partially covered in rugged brown scales. (AC +1, +3% HP)


Message History

The leopard gecko bites you but does no damage.
You hit the adder but do no damage.
The adder is heavily wounded.
The adder closely misses you. The adder bites you but does no damage.
The leopard gecko bites you.
Unknown command.
You hit the adder.
The adder is almost dead.
The adder bites you but does no damage. The leopard gecko bites you.
Unknown command.
You hit the adder.
You kill the adder!
You have reached level 3!
Your experience leads to an increase in your attributes!
Increase (S)trength, (I)ntelligence, or (D)exterity?
You feel stronger.
Your demonic ancestry asserts itself...
Your feet thicken and deform.
The leopard gecko closely misses you. The adder bites you but does no damage.
The leopard gecko barely misses you.
Are you sure you want to abandon this character and quit the game? (Confirm with "yes".)

...##....#
#...............#
##.##....#
#...............#
#.......#
#...............#
#......>#
####...##########
#.....### #...#
#.....# #...#
#.....# #...#
#.....# #...#
#.....# #@..#
#.....# #Sl.#
..............#
_.............#
.(.......!....#
..............#
$.............#
..............#
..............#


You could see an adder and a leopard gecko.

Vanquished Creatures
  2 adders (D:2)
  2 hobgoblins (D:1)
  A frilled lizard (D:1)
  4 goblins
  A kobold (D:1)
  4 rats (D:1)
14 creatures vanquished.

Notes
Turn   | Place    | Note
-------+----------+-------------------------------------------
     0 | D:1      | Havercy the Demonspawn Gladiator began the quest for the Orb.
     0 | D:1      | Reached XP level 1. HP: 16/16 MP: 1/1
   133 | D:1      | Reached skill level 3 in Polearms
   222 | D:1      | Gained mutation: You are partially covered in rugged brown scales. (AC +1, +3% HP) [demonic ancestry]
   222 | D:1      | Reached XP level 2. HP: 16/22 MP: 2/2
   901 | D:2      | Found a burning altar of Makhleb.
   909 | D:2      | Gained mutation: You have large cloven feet. [demonic ancestry]
   909 | D:2      | Reached XP level 3. HP: 10/28 MP: 3/3
   910 | D:2      | Quit the game

Vault maps used:
D:1:      dpeg_arrival_boxorama
D:2:      lemuel_crystal_altar, corexii_item_surrounded_by_moat, bloody_makhleb

Skill      XL: |  1 |
---------------+----+-----
Polearms       | 3 |  3.3
Fighting       | |  2.3
Throwing       | |  1.8
Armour         | |  0.3
Dodging        | |  2.8

Action                   || total
-------------------------++-------
Melee: Trident           ||    40
  Use: Potion            ||     1
Armor: Scale mail        ||    17
Dodge: Dodged            ||    20
